 Dungeon Crawl Stone Soup version 0.22.0-16-gc6d26f6 (webtiles) character file.

37 letownia2 the Insei (level 3, -4/28 HPs)
             Began as a Demonspawn Transmuter on Aug 17, 2018.
             Slain by an iguana (10 damage)
             ... on level 4 of the Dungeon.
             The game lasted 00:02:08 (422 turns).

letownia2 the Insei (Demonspawn Transmuter)          Turns: 422, Time: 00:02:09

Health: -4/28      AC:  5    Str: 11    XL:     3   Next: 23%
Magic:  3/6        EV: 10    Int: 14    God:
Gold:   37         SH:  0    Dex: 13    Spells: 5/6 levels left

rFire    + . .     SeeInvis .     - Unarmed
rCold    . . .     Gourm    .   (no shield)
rNeg     . . .     Faith    .   i - +0 ring mail
rPois    .         Spirit   .   (no helmet)
rElec    .         Reflect  .   (no cloak)
rCorr    .         Harm     .   (no gloves)
MR       .....                  (no boots)
Stlth    +.........             (no amulet)
HPRegen  0.09/turn              (no ring)
MPRegen  0.10/turn              (no ring)

@: very slightly contaminated
A: fire resistance 1
a: no special abilities


You were on level 4 of the Dungeon.
You were not hungry.

You visited 1 branch of the dungeon, and saw 4 of its levels.

You collected 37 gold pieces.

Inventory:

Missiles
 a - 12 arrows
Armour
 b - a +0 robe
 i - a +0 ring mail (worn)
Scrolls
 c - a scroll of identify {unknown}
Potions
 e - a potion of invisibility {unknown}
 f - a potion of might {unknown}
 g - a potion of ambrosia {unknown}
 h - a potion of heal wounds {unknown}
Comestibles
 d - a ration


   Skills:
 + Level 2.3 Fighting
 - Level 1.7 Dodging
 + Level 3.3 Unarmed Combat
 - Level 2.0 Spellcasting
 - Level 1.7 Transmutations


You had 5 spell levels left.
You knew the following spells:

 Your Spells              Type           Power        Failure   Level  Hunger
a - Beastly Appendage     Tmut           #.....       28%         1    ##.....

Your spell library contained the following spells:

 Spells                   Type           Power        Failure   Level  Hunger
 Spider Form              Tmut/Pois      #.........   77%         3    ####...
 Blade Hands              Tmut           #.........   100%        5    ######.
 Ice Form                 Ice/Tmut       #.......     99%         4    #####..
 Sticks to Snakes         Tmut           #.......     38%         2    ###....


Dungeon Overview and Level Annotations

Branches:
Dungeon (4/15)
 Temple: D:4-7

Altars:
Xom

Annotations:
D:2 Sigmund


Innate Abilities, Weirdness & Mutations

Your flesh is heat resistant. (rF+)


Message History

The iguana hisses angrily.
Found a falchion.
There is a stone staircase leading up here.
Unknown command.
Unknown command.
Casting: Beastly Appendage (safe; 28% risk of failure)
Confirm with . or Enter, or press ? or * to list all spells.
You miscast Beastly Appendage.
You are very lightly contaminated with residual magic.
Waves of light ripple over your body.
A frilled lizard comes into view.
The frilled lizard hisses angrily.
Casting: Beastly Appendage (safe; 28% risk of failure)
Confirm with . or Enter, or press ? or * to list all spells.
You miscast Beastly Appendage.
You smell something strange.
Casting: Beastly Appendage (safe; 28% risk of failure)
Confirm with . or Enter, or press ? or * to list all spells.
You miscast Beastly Appendage.
Nothing appears to happen.
You closely miss the iguana. The iguana bites you!
You die...

#####+###
#....)..#
##.......#
..l......#
..l....# ..
.....##.#
....###l.....#
#...@.#
+....<+
#.....#
#.....#
#.....#
#.....#
#######


You could see an iguana and a frilled lizard.

Vanquished Creatures
  2 adders
  An ooze (D:2)
  A leopard gecko (D:2)
  An orc (D:3)
  3 goblins (D:1)
  A hobgoblin (D:1)
  A kobold (D:3)
  A frilled lizard (D:1)
  3 rats (D:1)
14 creatures vanquished.

Notes
Turn   | Place    | Note
-------+----------+-------------------------------------------
     0 | D:1      | letownia2 the Demonspawn Transmuter began the quest for the Orb.
     0 | D:1      | Reached XP level 1. HP: 15/15 MP: 3/3
   143 | D:1      | Reached skill level 3 in Unarmed Combat
   154 | D:1      | Gained mutation: Your flesh is heat resistant. (rF+) [demonic ancestry]
   154 | D:1      | Reached XP level 2. HP: 10/21 MP: 5/5
   334 | D:2      | Noticed Sigmund
   355 | D:3      | Reached XP level 3. HP: 21/27 MP: 4/6
   382 | D:3      | Found a shimmering altar of Xom.
   422 | D:4      | Slain by an iguana

Skill      XL: |  1  2 |
---------------+-------+-----
Unarmed Combat | 3 |  3.3
Fighting       | 2 |  2.3
Dodging        | |  1.7
Spellcasting   | |  2.0
Transmutations | |  1.7

Action                   || total
-------------------------++-------
Melee: Unarmed           ||    55
       Headbutt          ||     4
       Kick              ||     1
       Punch             ||     1
 Cast: Beastly Appendage ||     6
Armor: Robe              ||     4
       Ring mail         ||     8
Dodge: Dodged            ||    23
